 Dungeon Crawl Stone Soup version 0.17.0-9-g801d43b (webtiles) character file.

65256 Galdon the Eclecticist (level 14, -15/82 HPs)
             Began as a Deep Elf Summoner on Nov 9, 2015.
             Was the Champion of Ashenzari.
             Demolished by an alligator (33 damage)
             ... called by a spriggan druid
             ... on level 2 of the Swamp on Nov 10, 2015.
             The game lasted 06:22:48 (32562 turns).

Galdon the Eclecticist (Deep Elf Summoner)         Turns: 32562, Time: 06:22:48

Health: -15/82     AC: 11    Str:  9    XL:     14   Next: 74%
Magic:  5/38       EV: 10    Int: 22    God:    Ashenzari [******]
Gold:   214        SH:  8    Dex: 15    Spells: 15 memorised, 4 levels left

rFire  . . .     SeeInvis +     J - +4 dagger (elec) (curse)
rCold  . . .     Clarity  +     A - +2 leather armour {rN+} (curse)
rNeg   + + .     SustAt   .     S - +2 buckler (curse)
rPois  +         Gourm    .     W - +0 hat {MR+} (curse)
rElec  .         Spirit   .     (no cloak)
rCorr  +         Warding  .     x - +2 pair of gloves (curse)
rMut   .         Stasis   .     p - +2 pair of boots {Stlth+}
MR     ++...                    y - amulet of resist corrosion (curse)
Stlth  +++++.....               R - ring of poison resistance (curse)
                                V - ring of positive energy (curse)

@: grasped by roots, repel missiles, very slow, very resistant to hostile
enchantments, quite stealthy
A: no striking features
a: Scrying, Transfer Knowledge, Renounce Religion


You were on level 2 of the Swamp.
You worshipped Ashenzari.
Ashenzari was exalted by your worship.
You were not hungry.

You visited 5 branches of the dungeon, and saw 30 of its levels.
You visited 1 bazaar.

You collected 2598 gold pieces.
You spent 2318 gold pieces at shops.

Inventory:

Hand Weapons
 J - a cursed +4 dagger of electrocution (weapon)
Missiles
 a - 7 poisoned javelins
 z - 7 javelins
 E - 39 tomahawks (quivered)
Armour
 o - a +2 leather armour of cold resistance
 p - a +2 pair of boots of stealth (worn)
 w - a +2 robe of magic resistance
 x - a cursed +2 pair of gloves (worn)
 A - a cursed +2 leather armour of positive energy (worn)
 N - a +2 robe of fire resistance
 Q - a +2 pair of gloves of strength
 S - a cursed +2 buckler (worn)
 W - a cursed +0 hat of magic resistance (worn)
 Z - the +1 robe of the Swamp {*Confuse rElec rPois Stlth+}
   (You bought it in a shop in a bazaar)

   It insulates you from electricity.
   It protects you from poison.
   It may confuse you when you take damage.
   It makes you more stealthy.
Jewellery
 d - an uncursed ring of protection from fire
 g - an uncursed ring of ice
 i - a cursed ring of teleportation
 y - a cursed amulet of resist corrosion (around neck)
 R - a cursed ring of poison resistance (right hand)
 V - a cursed ring of positive energy (left hand)
Wands
 h - a wand of fireball (8)
 k - a wand of confusion (24)
 s - a wand of hasting (4)
 P - a wand of slowing (31)
Scrolls
 f - 17 scrolls of identify
 q - 4 scrolls of teleportation
 u - 2 scrolls of blinking
 D - 4 scrolls of curse jewellery
 F - 2 scrolls of curse weapon
 M - 2 scrolls of recharging
Potions
 j - 2 potions of magic
 r - 3 potions of haste
 B - a potion of heal wounds
 H - 8 potions of curing
 Y - 2 potions of invisibility
Books
 e - a book of Spatial Translocations

   Spells                             Type                      Level
   a - Apportation                    Translocation                1
   b - Blink                          Translocation                2
   c - Shroud of Golubria             Charms/Translocation         2
   d - Portal Projectile              Translocation                3
   e - Teleport Other                 Translocation                3
   f - Passage of Golubria            Translocation                4
 m - a book of the Tempests

   Spells                             Type                      Level
   a - Static Discharge               Conjuration/Air              3
   b - Lightning Bolt                 Conjuration/Air              5
   c - Fireball                       Conjuration/Fire             5
   d - Tornado                        Air                          9
   e - Shatter                        Earth                        9
 v - an Akashic Record

   Spells                             Type                      Level
   a - Dispersal                      Translocation                6
   b - Malign Gateway                 Summoning/Translocation      7
   c - Disjunction                    Translocation                8
   d - Controlled Blink               Translocation                8
 C - a book of Clouds

   Spells                             Type                      Level
   a - Mephitic Cloud                 Conjuration/Poison/Air       3
   b - Conjure Flame                  Conjuration/Fire             3
   c - Poisonous Cloud                Conjuration/Poison/Air       6
   d - Freezing Cloud                 Conjuration/Ice/Air          6
   e - Ring of Flames                 Charms/Fire                  7
 L - a book of Power

   Spells                             Type                      Level
   a - Fulminant Prism                Conjuration/Hexes            4
   b - Iskenderun's Mystic Blast      Conjuration                  4
   c - Venom Bolt                     Conjuration/Poison           5
   d - Bolt of Magma                  Conjuration/Fire/Earth       5
   e - Iron Shot                      Conjuration/Earth            6
   f - Orb of Destruction             Conjuration                  7
   g - Spellforged Servitor           Conjuration/Summoning        7
Miscellaneous
 l - a box of beasts
 G - a plain deck of changes {drawn: 2}
 I - a plain deck of wonders {drawn: 1}
 K - a crystal ball of energy
 O - an ornate deck of summoning {the Illusion, drawn: 2}
 U - a lamp of fire
Comestibles
 c - 19 bread rations
 n - 3 beef jerkies
 t - 10 meat rations
 T - 8 slices of pizza


   Skills:
 * Level 7.4 Fighting
 * Level 9.0(13.3) Short Blades
 + Level 3.2 Throwing
 + Level 3.0 Armour
 + Level 4.4(7.3) Dodging
 + Level 6.1(9.2) Stealth
 + Level 3.5(6.2) Shields
 * Level 18.0 Spellcasting
 + Level 3.1(7.0) Hexes
 * Level 14.5(18.5) Summonings
 + Level 1.4(4.3) Necromancy
 + Level 0.2(1.3) Translocations
 + Level 4.2(8.5) Ice Magic
 + Level 4.4(8.7) Air Magic
 * Level 6.8(11.3) Evocations


You had 4 spell levels left.
You knew the following spells:

 Your Spells              Type           Power        Failure   Level  Hunger
a - Apportation           Tloc           ####......   2%          1    None
b - Blink                 Tloc           N/A          3%          2    None
c - Call Canine Familiar  Summ           #######.     0%          3    None
d - Summon Guardian Gole  Hex/Summ       ######..     1%          3    None
e - Summon Lightning Spi  Summ/Air       ######..     1%          4    None
f - Summon Ice Beast      Ice/Summ       ######..     1%          4    None
g - Sublimation of Blood  Necr           #####.....   1%          2    None
h - Summon Butterflies    Summ           #######.     0%          1    None
i - Summon Mana Viper     Hex/Summ       ######..     1%          5    #......
j - Cure Poison           Pois           ###.......   4%          2    None
k - Summon Hydra          Summ           #######...   1%          7    ######.
l - Repel Missiles        Chrm/Air       #####.       1%          2    None
m - Stoneskin             Trmt/Erth      ###.....     4%          2    None
n - Teleport Other        Tloc           ####....     10%         3    None
o - Passage of Golubria   Tloc           N/A          24%         4    None


Dungeon Overview and Level Annotations

Branches:
Dungeon (15/15)            Temple (1/1) D:7            Lair (8/8) D:10
  Swamp (2/4) Lair:3       Spider (0/4) Lair:4        Slime (0/6) Lair:6
    Orc (4/4) D:9             Elf (0/3) Orc:3        Vaults (0/5) D:13
 Depths (0/5) D:15

Altars:
Ashenzari
Cheibriados
Dithmenos
Elyvilon
Fedhas
Gozag
Kikubaaqudgha
Makhleb
Nemelex Xobeh
Okawaru
Qazlal
Ru
Sif Muna
Trog
Vehumet
Xom
Yredelemnul
Zin
The Shining One
Beogh

Shops:
D:14 }   Orc:3 *   Orc:4 (:[*

Annotations:
D:14 Nessos


Message History

Your ten-headed hydra disappears in a puff of smoke!
The shambling mangrove reaches out with a gnarled limb.
Grasping roots rise from the ground around the shambling mangrove!
Casting: Summon Hydra
Confirm with . or Enter, or press ? or * to list all spells.
A chill wind blows around you.
Roots grasp at your feet, making movement difficult.
Casting: Summon Ice Beast
Confirm with . or Enter, or press ? or * to list all spells.
A 12-headed hydra appears.
You escape the reach of the grasping roots.
You feel a little less clever now.
Your ice beast hits the alligator.
Your ice beast freezes the alligator!
You hit the alligator.
There is a sudden explosion of sparks!
The alligator is heavily wounded.
Roots grasp at your feet, making movement difficult.
You hit the alligator.
The alligator is heavily wounded.
The alligator bites you!!
You die...

**,,, , * * ♣.≈ ,∆ ** *, ...♣
.♣♣..♣≈♣♣ **** ≈ ..♣ ........♣
*§♣♣. ***♣.♣♣♣.≈≈.$.≈.♣♣♣♣♣ *
..≈. ♣≈..........≈....≈
*♣.§≈...≈ ♣≈...♣*♣≈...≈...≈.
≈,..≈≈≈...♣♣♣♣≈...♣ ♣≈...≈≈....
, ≈≈.≈≈≈....≈≈≈@...♣♣♣...≈≈≈....
≈
≈≈≈≈...≈♣♣♣..t........≈.≈≈....♣
*≈≈≈≈≈≈..≈ ♣Y.D...≈≈≈...≈≈≈....♣
.≈≈≈≈....♣♣♣.)...§♣♣♣♣.≈...≈≈.§.
≈≈≈≈≈≈.≈..?..^♣♣♣.≈♣ ♣≈.≈..≈≈≈≈.
≈≈♣.≈....♣♣.k.♣ ♣.≈♣ ♣≈.....≈.<≈
♣≈.....§♣♣.≈.♣♣♣..♣ *♣≈..≈.≈≈≈.≈
♣.......§f....≈≈...≈≈≈.≈≈..≈≈≈.♣
* ♣..≈≈≈..≈≈≈≈...≈≈...≈≈≈.≈≈≈≈≈.


You could see a shambling mangrove, an alligator (frenzied), a swamp drake, a
friendly 12-headed hydra and a friendly ice beast.

Vanquished Creatures
  A hydra (Lair:3)
  A skeletal warrior (D:15)
  2 unseen horrors (D:12)
  2 hill giants
  A cyclops (D:12)
  A manticore (D:15)
  An ugly thing (D:13)
  An elephant (Lair:5)
  3 black mambas
  A gargoyle (D:14)
  3 spiny frogs
  2 centaur skeletons
  A redback zombie (D:15)
  3 trolls
  A komodo dragon (Lair:1)
  A giant leech (Lair:3)
  2 polar bears (Lair:5)
  A bog body (Swamp:2)
  A trapdoor spider zombie (D:12)
  7 blink frogs
  A boulder beetle (Lair:7)
  A shadow (D:13)
  A wyvern (D:14)
  2 hogs (D:13)
  A basilisk (Lair:7)
  12 yaks
  2 wolves
  2 hippogriffs
  A hungry ghost (D:11)
  A vampire mosquito (Swamp:1)
  5 porcupines
  A warg (Orc:4)
  A swamp worm (Swamp:2)
  3 orc warriors (Orc:4)
  10 water moccasins
  A phantom (D:4)
  2 swamp drakes (Swamp:1)
  An ice beast (D:12)
  8 crocodiles
  A wasp (Swamp:1)
  A centaur (D:11)
  A wyvern zombie (D:12)
  A scorpion (Lair:4)
  18 giant frogs
  A wight (D:12)
  A wasp zombie (D:7)
  3 crimson imps
  A giant frog skeleton (D:12)
  4 orc priests
  4 iguanas
  2 worker ants
  3 orc wizards
  A hound (D:12)
  2 sheep (Lair:5)
  3 adders
  37 river rats
  A worm (Lair:4)
  27 orcs
  A hobgoblin (D:3)
  3 kobolds
  A quokka (D:4)
  A rat (D:1)
  5 plants (Lair:8)
215 creatures vanquished.

Vanquished Creatures (collateral kills)
  Rupert (Lair:4)
  Kirke (D:13)
  An orc warlord (Orc:4)
  5 dire elephants (Lair:8)
  Snorg (Orc:3)
  Erolcha (Orc:3)
  Fannar (Orc:1)
  Harold (Orc:3)
  A yaktaur captain (D:13)
  4 centaur warriors
  An anaconda (Lair:8)
  9 hydras
  Erica (D:10)
  A ghost crab (Swamp:1)
  2 alligators
  2 tengu warriors
  An orc high priest (Orc:4)
  6 death yaks
  Urug (Orc:1)
  Nergalle (D:12)
  4 skeletal warriors (D:15)
  A swamp dragon (Swamp:1)
  Pikel (D:6)
  A necromancer (D:15)
  5 orc sorcerers
  6 orc knights
  4 ugly things
  5 hill giants
  A griffon (Lair:6)
  A fire giant zombie (D:15)
  A wolf spider zombie (D:14)
  A cyclops (D:13)
  5 wizards (D:14)
  Joseph (D:9)
  11 elephants
  5 black mambas
  Psyche (D:8)
  A torpor snail (Lair:5)
  2 gargoyles (D:12)
  10 spiny frogs
  An efreet (D:13)
  3 yaktaurs
  A kobold demonologist (D:10)
  10 komodo dragons
  A fire drake (shapeshifter) (D:14)
  2 spriggan druids
  A fire drake (Lair:8)
  A polar bear (Lair:4)
  7 trolls
  5 giant leeches
  A boulder beetle (Lair:4)
  12 blink frogs
  An ice dragon zombie (D:15)
  A trapdoor spider zombie (D:13)
  2 bog bodies
  A spriggan skeleton (D:15)
  5 slime creatures
  32 yaks
  2 deep elf magi
  2 shadows
  A deep troll skeleton (D:15)
  4 hogs (D:13)
  A human (D:9)
  4 hippogriffs
  2 basilisks
  10 vampire mosquitoes
  Grum (D:8)
  2 wyverns
  Menkaure (D:6)
  3 hungry ghosts
  5 wolves
  7 swamp worms
  4 wargs
  26 orc warriors
  2 sky beasts
  7 porcupines
  An ice beast (D:15)
  12 ogres
  3 black bears
  An eye of draining (D:11)
  A necrophage (D:8)
  2 phantoms (D:9)
  8 water moccasins
  2 slaves (D:6)
  5 centaurs
  12 giant frogs
  10 big kobolds
  6 crocodiles
  2 brain worms (D:14)
  5 scorpions
  7 jellies
  A killer bee (D:8)
  A wyvern skeleton (D:11)
  12 wights
  6 crimson imps
  A wyvern simulacrum (D:15)
  4 giant frog zombies
  6 hounds
  2 quasits
  31 orc wizards
  2 iguanas
  9 worker ants
  26 orc priests
  18 sheep
  A hound zombie (D:11)
  A worker ant zombie (D:5)
  59 river rats
  4 shadow imps
  11 adders
  2 oozes (Lair:6)
  2 adder zombies (D:6)
  An adder skeleton (D:5)
  4 worms
  4 giant geckos
  156 orcs
  5 bats
  3 giant cockroaches
  6 hobgoblins
  2 jackals (D:3)
  3 quokkas
  A ball python (D:1)
  A giant gecko zombie (D:7)
  A giant newt (D:1)
  6 goblins
  2 jackal skeletons
  16 kobolds
  6 rats
  5 fungi
  2 plants
780 creatures vanquished.

Vanquished Creatures (others)
  A yak (Lair:8)
  A hippogriff (D:12)
  A sky beast (D:8)
  A slave (D:6)
  A crocodile (Lair:8)
  A scorpion (D:12)
  An orc priest (D:6)
  A giant frog skeleton (D:5)
  A worker ant (D:5)
  2 river rats (Lair:4)
  An adder (D:8)
  An orc (D:12)
  A fire vortex (Lair:1)
  20 fungi
  42 plants
76 creatures vanquished.

Grand Total: 1071 creatures vanquished

Notes
Turn   | Place    | Note
--------------------------------------------------------------
     0 | D:1      | Galdon the Deep Elf Summoner began the quest for the Orb.
     0 | D:1      | Reached XP level 1. HP: 10/10 MP: 6/6
   198 | D:1      | Reached XP level 2. HP: 13/15 MP: 2/8
   213 | D:1      | Learned a level 2 spell: Call Imp
  1158 | D:2      | Reached skill level 5 in Summonings
  1158 | D:2      | Reached XP level 3. HP: 13/19 MP: 7/10
  1163 | D:2      | Learned a level 3 spell: Call Canine Familiar
  1664 | D:2      | Found a basalt altar of Yredelemnul.
  2171 | D:3      | Reached skill level 1 in Short Blades
  2241 | D:3      | Reached XP level 4. HP: 24/24 MP: 8/12
  2247 | D:3      | Learned a level 3 spell: Summon Guardian Golem
  2678 | D:3      | Reached skill level 1 in Fighting
  2959 | D:4      | Reached XP level 5. HP: 20/29 MP: 3/13
  3013 | D:4      | Noticed a phantom
  3027 | D:4      | Killed a phantom
  3064 | D:4      | Found a glowing silver altar of Zin.
  3116 | D:4      | Noticed an ogre
  3147 | D:4      | Killed an ogre
  3147 | D:4      | Reached skill level 5 in Spellcasting
  3525 | D:5      | Entered Level 5 of the Dungeon
  3530 | D:5      | Reached XP level 6. HP: 34/34 MP: 11/15
  3755 | D:5      | Found a shattered altar of Ashenzari.
  3763 | D:5      | Became a worshipper of Ashenzari the Shackled
  3971 | D:5      | Found a radiant altar of Vehumet.
  3972 | D:5      | Identified the cursed +1 ring mail "Coloigel" {rN++ Str+5}
  4211 | D:6      | Found a snail-covered altar of Cheibriados.
  4248 | D:6      | Noticed Pikel
  4353 | D:6      | Killed Pikel
  4353 | D:6      | Reached skill level 6 in Spellcasting
  4353 | D:6      | Reached XP level 7. HP: 37/39 MP: 1/18
  4359 | D:6      | Learned a level 4 spell: Summon Lightning Spire
  4689 | D:6      | Noticed Menkaure
  4719 | D:6      | Killed Menkaure
  5216 | D:6      | Reached skill level 7 in Spellcasting
  5524 | D:6      | Reached * piety under Ashenzari
  5645 | D:6      | Reached skill level 1 in Armour
  5773 | D:6      | Learned a level 4 spell: Summon Ice Beast
  5783 | D:7      | Noticed Joseph
  5923 | D:7      | Learned a level 2 spell: Sublimation of Blood
  6211 | D:7      | Reached XP level 8. HP: 44/44 MP: 17/21
  6499 | D:7      | Found a staircase to the Ecumenical Temple.
  6510 | Temple   | Entered the Ecumenical Temple
  6608 | D:7      | Identified a scroll of acquirement
  6612 | D:7      | Learned a level 1 spell: Summon Butterflies
  6837 | D:8      | Reached skill level 8 in Spellcasting
  6917 | D:8      | Reached skill level 1 in Evocations
  7084 | D:8      | Found a shadowy altar of Dithmenos.
  7148 | D:8      | Noticed Grum
  7176 | D:8      | Killed Grum
  7176 | D:8      | Reached skill level 9 in Spellcasting
  7327 | D:8      | Noticed Psyche
  7346 | D:8      | Killed Psyche
  7512 | D:8      | Reached XP level 9. HP: 41/49 MP: 21/24
  7529 | D:8      | Reached skill level 1 in Hexes
  7837 | D:8      | Reached skill level 10 in Spellcasting
  7878 | D:8      | Found a white marble altar of Elyvilon.
  8270 | D:9      | Found a staircase to the Orcish Mines.
  9008 | D:9      | Reached skill level 1 in Shields
  9035 | D:9      | Killed Joseph
  9288 | D:10     | Entered Level 10 of the Dungeon
  9288 | D:10     | Reached ** piety under Ashenzari
  9308 | D:10     | Noticed a hill giant
  9336 | D:10     | Killed a hill giant
  9643 | D:10     | Reached XP level 10. HP: 56/56 MP: 20/26
  9683 | D:10     | Noticed a hill giant
  9691 | D:10     | Killed a hill giant
  9691 | D:10     | Reached skill level 11 in Spellcasting
  9691 | D:10     | Reached skill level 1 in Air Magic
 10081 | D:10     | Noticed a komodo dragon
 10091 | D:10     | Reached skill level 10 in Summonings
 10104 | D:10     | Killed a komodo dragon
 10149 | D:10     | Found a staircase to the Lair.
 10182 | D:10     | Noticed a hill giant
 10190 | D:10     | Noticed a kobold demonologist
 10207 | D:10     | Killed a kobold demonologist
 10207 | D:10     | Reached skill level 1 in Throwing
 10211 | D:10     | Killed a hill giant
 10229 | D:10     | Learned a level 5 spell: Summon Mana Viper
 10266 | D:10     | Reached skill level 5 in Short Blades
 10296 | D:10     | Noticed Erica
 10302 | D:10     | Killed Erica
 10498 | D:10     | Noticed a hill giant
 10505 | D:10     | Killed a hill giant
 10505 | D:10     | Reached skill level 12 in Spellcasting
 10614 | D:9      | Gained mutation: You are occasionally teleported to nearby monsters. [potion of mutation]
 10614 | D:9      | Gained mutation: You are robust (+10% HP). [potion of mutation]
 10614 | D:9      | Gained mutation: You are weak. (Str -2) [potion of mutation]
 10618 | Orc:1    | Entered Level 1 of the Orcish Mines
 10636 | Orc:1    | Reached skill level 1 in Necromancy
 10733 | Orc:1    | Reached *** piety under Ashenzari
 10752 | Orc:1    | Noticed Fannar
 10753 | Orc:1    | Noticed Urug
 10767 | Orc:1    | Killed Fannar
 10770 | Orc:1    | Killed Urug
 11753 | Orc:3    | Found a staircase to the Elven Halls.
 11784 | Orc:3    | Noticed an orc knight
 11794 | Orc:3    | Killed an orc knight
 11794 | Orc:3    | Reached skill level 5 in Evocations
 11970 | Orc:3    | Noticed an orc knight
 11982 | Orc:3    | Killed an orc knight
 11982 | Orc:3    | Reached XP level 11. HP: 67/67 MP: 5/29
 12263 | Orc:3    | Noticed Harold
 12483 | Orc:3    | Killed Harold
 12649 | Orc:3    | Noticed Snorg
 12973 | Orc:3    | Killed Snorg
 13101 | Orc:3    | Found Koijoe's General Store.
 13109 | Orc:3    | Bought a scroll of remove curse for 45 gold pieces
 13109 | Orc:3    | Bought an uncursed amulet of resist corrosion for 300 gold pieces
 13284 | Orc:3    | Bought a Young Poisoner's Handbook for 600 gold pieces
 13287 | Orc:3    | Learned a level 2 spell: Cure Poison
 13327 | Orc:3    | Noticed Erolcha
 13334 | Orc:3    | Killed Erolcha
 13334 | Orc:3    | Reached skill level 13 in Spellcasting
 13441 | Lair:1   | Entered Level 1 of the Lair of Beasts
 13809 | Lair:1   | Reached **** piety under Ashenzari
 13885 | Lair:1   | Learned a level 7 spell: Summon Hydra
 14494 | Lair:2   | Noticed a seven-headed hydra
 14500 | Lair:2   | Killed a seven-headed hydra
 14547 | Lair:2   | Reached ***** piety under Ashenzari
 15427 | Lair:3   | Found a staircase to the Swamp.
 15482 | Lair:3   | Reached skill level 5 in Fighting
 15495 | Lair:3   | Reached skill level 1 in Ice Magic
 15557 | Lair:3   | Noticed an eight-headed hydra
 15571 | Lair:3   | Killed an eight-headed hydra
 15571 | Lair:3   | Reached skill level 14 in Spellcasting
 15756 | Lair:3   | Reached XP level 12. HP: 57/74 MP: 28/32
 16541 | Lair:4   | Noticed Rupert
 16551 | Lair:4   | Killed Rupert
 16713 | Lair:4   | Learned a level 4 spell: Condensation Shield
 16788 | Lair:4   | Found a hole to the Spider Nest.
 17737 | Lair:5   | Reached skill level 15 in Spellcasting
 18176 | Lair:5   | Reached ****** piety under Ashenzari
 18566 | Lair:5   | Noticed a seven-headed hydra
 18574 | Lair:5   | Killed a seven-headed hydra
 18667 | Lair:5   | Learned a level 2 spell: Stoneskin
 18679 | Lair:6   | Noticed a six-headed hydra
 18688 | Lair:6   | Killed a six-headed hydra
 19069 | Lair:6   | Identified the +10 war axe "Bat Gung" {freeze, rElec}
 19210 | Lair:6   | Found a staircase to the Slime Pits.
 19564 | Lair:7   | Noticed a four-headed hydra
 19604 | Lair:7   | Reached XP level 13. HP: 69/81 MP: 31/34
 19746 | Lair:7   | Killed a four-headed hydra
 20069 | Lair:7   | Noticed a four-headed hydra
 20078 | Lair:7   | Killed a four-headed hydra
 20440 | Lair:7   | Upgraded the game from 0.17.0-8-gb983d21 to 0.17.0-9-g801d43b
 20442 | Lair:8   | Entered Level 8 of the Lair of Beasts
 20656 | Lair:8   | Reached skill level 5 in Stealth
 20819 | Lair:8   | Reached skill level 16 in Spellcasting
 21003 | Lair:8   | Found a bloodstained altar of Trog.
 21393 | Lair:8   | Noticed a dire elephant
 21409 | Lair:8   | Killed a dire elephant
 21506 | Lair:8   | Noticed a dire elephant
 21519 | Lair:8   | Killed a dire elephant
 21646 | Lair:8   | Noticed a dire elephant
 21646 | Lair:8   | Noticed a dire elephant
 21835 | Lair:8   | Killed a dire elephant
 21848 | Lair:8   | Noticed a dire elephant
 21865 | Lair:8   | Killed a dire elephant
 21887 | Lair:8   | Noticed a dire elephant
 22036 | Lair:8   | Killed a dire elephant
 22077 | Lair:8   | Identified Sif Muna's Tome of Summoning
 22712 | Orc:4    | Entered Level 4 of the Orcish Mines
 22712 | Orc:4    | Found Esepn's Book Emporium.
 23002 | Orc:4    | Noticed an orc warlord
 23009 | Orc:4    | Killed an orc warlord
 23658 | Orc:4    | Found Gufedade's Antique Armour Boutique.
 23684 | Orc:4    | Bought a pair of glowing boots for 126 gold pieces
 23684 | Orc:4    | Bought a pair of embroidered gloves for 126 gold pieces
 23717 | Orc:4    | Bought a book of Minor Magic for 340 gold pieces
 23720 | Orc:4    | Learned a level 2 spell: Blink
 23723 | Orc:4    | Learned a level 2 spell: Repel Missiles
 23763 | Orc:4    | Found Veune's General Store.
 23843 | Orc:4    | Found a roughly hewn altar of Beogh.
 23896 | Orc:4    | Found Ticseis's Antique Weapon Boutique.
 24617 | D:11     | Reached skill level 17 in Spellcasting
 25944 | D:12     | Noticed Nergalle
 25953 | D:12     | Killed Nergalle
 26150 | D:12     | Found a gateway to a bazaar.
 26279 | D:12     | Reached XP level 14. HP: 88/88 MP: 25/37
 26377 | Bazaar   | Entered a bazaar
 26413 | Bazaar   | Found Rometas's Weapon Shoppe.
 26434 | Bazaar   | Found Ethroixze's Book Shoppe.
 26434 | Bazaar   | Found Xupem's Antique Armour Emporium.
 26455 | Bazaar   | Found Cerif's Book Shoppe.
 26520 | Bazaar   | Bought a book of Spatial Translocations for 650 gold pieces
 26526 | Bazaar   | Bought a heavy robe for 131 gold pieces
 26526 | Bazaar   | Identified the +1 robe of the Swamp {*Confuse rElec rPois Stlth+} (You bought it in a shop in a bazaar)
 26534 | Bazaar   | Learned a level 1 spell: Apportation
 26538 | Bazaar   | Learned a level 3 spell: Teleport Other
 26543 | Bazaar   | Learned a level 4 spell: Passage of Golubria
 27513 | D:13     | Noticed Kirke
 27535 | D:13     | Killed Kirke
 27895 | D:13     | Found a gate to the Vaults.
 28245 | D:14     | Identified a +4 rod of shadows (4/14) (You took it off a tengu warrior on level 14 of the Dungeon)
 28747 | D:14     | Found Efrunt's Gadget Emporium.
 29164 | D:15     | Entered Level 15 of the Dungeon
 29223 | D:15     | Lost mutation: You are weak. (Str -2) [potion of cure mutation]
 29223 | D:15     | Lost mutation: You are robust (+10% HP). [potion of cure mutation]
 29223 | D:15     | Lost mutation: You are occasionally teleported to nearby monsters. [potion of cure mutation]
 29566 | D:15     | Found a staircase to the Depths.
 29811 | D:15     | Noticed Nessos
 31123 | Swamp:1  | Entered Level 1 of the Swamp
 32342 | Swamp:2  | Reached skill level 18 in Spellcasting
 32562 | Swamp:2  | Demolished by an alligator

Action                   |  1- 3 |  4- 6 |  7- 9 | 10-12 | 13-15 || total
-------------------------+-------+-------+-------+-------+-------++-------
Melee: Unarmed           |     5 |       |       |       |       ||     5
       Dagger            |    23 |     1 |       |   308 |   440 ||   772
       Short sword       |       |    29 |    46 |       |       ||    75
Throw: Stone             |       |       |    14 |    47 |       ||    61
       Tomahawk          |       |       |       |    37 |   127 ||   164
 Cast: Summon Small Mamm |    17 |       |       |     2 |       ||    19
       Call Imp          |    23 |    12 |    45 |     4 |       ||    84
       Call Canine Famil |     3 |    22 |    64 |    52 |     2 ||   143
       Summon Guardian G |       |     1 |    13 |       |     1 ||    15
       Summon Lightning  |       |       |    18 |   116 |   109 ||   243
       Summon Ice Beast  |       |       |       |   107 |    85 ||   192
       Summon Mana Viper |       |       |       |     8 |    34 ||    42
       Sublimation of Bl |       |       |       |    15 |     4 ||    19
       Summon Butterflie |       |       |       |     2 |     1 ||     3
       Cure Poison       |       |       |       |     2 |       ||     2
       Stoneskin         |       |       |       |     1 |       ||     1
       Summon Hydra      |       |       |       |       |    66 ||    66
       Blink             |       |       |       |       |    11 ||    11
       Repel Missiles    |       |       |       |       |     5 ||     5
       Passage of Golubr |       |       |       |       |     1 ||     1
Evoke: Wand              |       |       |       |     3 |     3 ||     6
       Deck              |       |       |       |     2 |     3 ||     5
  Use: Potion            |     1 |     3 |     9 |     3 |     7 ||    23
       Scroll            |     5 |     6 |    15 |    10 |    11 ||    47
 Stab: Distracted        |       |     3 |     1 |     4 |     9 ||    17
       Sleeping          |       |       |       |     9 |    25 ||    34
  Eat: Chunk             |     5 |     5 |    15 |    28 |    47 ||   100
       Fruit             |       |     3 |       |     3 |     7 ||    13
       Beef jerky        |       |       |     2 |     1 |     4 ||     7
       Royal jelly       |       |       |       |       |     2 ||     2
